 Dungeon Crawl Stone Soup version 0.30.1-11-g7821555f0a (webtiles) character file.

Game seed: 2132940538283652826

121 porpoise the Shooter (level 4, 0/40 HPs)
             Began as a Minotaur Hunter on Dec 28, 2023.
             Constricted to death by Ijyb (3 damage)
             ... on level 3 of the Dungeon.
             The game lasted 00:04:19 (1665 turns).

porpoise the Shooter (Minotaur Hunter)              Turns: 1665, Time: 00:04:20

Health: 0/40       AC:  6    Str: 15    XL:     4   Next: 76%
Magic:  3/3        EV: 12    Int:  6    God:
Gold:   99         SH:  0    Dex: 16    Spells: 3/3 levels left

rFire   . . .        a - +0 shortbow
rCold   . . .        (shield currently unavailable)
rNeg    . . .        e - +0 scale mail
rPois   .            (helmet restricted)
rElec   .            (no cloak)
rCorr   .            (no gloves)
SInv    .            (no boots)
Will    .....        (no amulet) Stlth
                     j - +5 ring of evasion
HPRegen 0.26/turn    (no ring)
MPRegen 0.08/turn

%: no passive effects
@: brilliant, grasped by roots, constricted
A: horns 2, retaliatory headbutt
a: no special abilities


You were on level 3 of the Dungeon.
You visited 1 branch of the dungeon, and saw 3 of its levels.

You collected 99 gold pieces.

Inventory:

Hand Weapons
 a - a +0 shortbow (weapon)
Armour
 e - a +0 scale mail (worn)
Jewellery
 j - a +5 ring of evasion (left hand)
Wands
 k - a wand of light (8)
Scrolls
 b - a scroll of immolation
 c - a scroll of enchant weapon {unknown}
 d - a scroll of acquirement {unknown}
 f - a scroll of fog {unknown}
 g - a scroll of identify {unknown}
 i - a scroll of teleportation {unknown}


   Skills:
 + Level 3.9 Fighting
 * Level 6.1 Ranged Weapons
 + Level 0.4 Armour
 - Level 2.1 Dodging
 - Level 0.7 Stealth


You had 3 spell levels left.
You didn't know any spells.
Your spell library was empty.

Dungeon Overview and Level Annotations

Branches:
Dungeon (3/15)

Altars:

Shops:
D:1 :

Annotations:
D:3 Ijyb


Innate Abilities, Weirdness & Mutations

You have a pair of horns on your head.
You reflexively headbutt those who attack you in melee.


Message History

a - a +0 shortbow (weapon)
Ijyb zaps a wand.
The roots erupt in riotous growth!
The grasping roots grab you!
Ijyb is unaffected.
The grasping roots constrict you.
* * * LOW HITPOINT WARNING * * *
You shoot an arrow. The arrow closely misses Ijyb.
Ijyb barely misses you. The grasping roots constrict you.
* * * LOW HITPOINT WARNING * * *
It was a potion of brilliance.
You feel clever all of a sudden. Ijyb hits you with a +0 dagger.
* * * LOW HITPOINT WARNING * * *
The grasping roots constrict you.
* * * LOW HITPOINT WARNING * * *
Unknown command.
It was a potion of heal wounds.
You feel much better. Ijyb hits you with a +0 dagger.
The grasping roots constrict you.
You shoot an arrow. The arrow hits Ijyb.
Ijyb is moderately wounded.
Ijyb hits you with a +0 dagger. The grasping roots constrict you.
The grasping roots release their grip on you.
You shoot an arrow. The arrow hits Ijyb but does no damage.
Ijyb is moderately wounded.
Ijyb barely misses you. x2; You furiously retaliate!
You headbutt Ijyb. You shoot an arrow. The arrow hits Ijyb.
Ijyb is severely wounded.
Ijyb zaps a wand.
The roots erupt in riotous growth!
The grasping roots grab you!
Ijyb is unaffected.
The grasping roots constrict you.
* * * LOW HITPOINT WARNING * * *
You shoot an arrow. The arrow hits Ijyb.
Ijyb is almost dead.
Ijyb hits you with a +0 dagger.
* * * LOW HITPOINT WARNING * * *
The grasping roots constrict you.
* * * LOW HITPOINT WARNING * * *
Ijyb hits you with a +0 dagger.
* * * LOW HITPOINT WARNING * * *
The grasping roots constrict you.
You die...

.......†..
..........
#........##
..........#
...)...)..#
..........#
.......g..#
.......@..#
#........##
##......##
########


You could see Ijyb.

Vanquished Creatures
  Jessica (D:2)
  Robin (D:2)
  2 adders (D:2)
  A worm (D:2)
  6 endoplasms
  A giant cockroach (D:2)
  9 goblins
  10 hobgoblins
  3 jackals (D:2)
  3 quokkas
  6 ball pythons
  3 bats
  3 frilled lizards (D:2)
  4 kobolds
  7 rats
60 creatures vanquished.

Notes
Turn   | Place    | Note
-------+----------+-------------------------------------------
     0 | D:1      | porpoise the Minotaur Hunter began the quest for the Orb.
     0 | D:1      | Reached XP level 1. HP: 18/18 MP: 0/0
   131 | D:1      | Reached XP level 2. HP: 25/25 MP: 1/1
   151 | D:1      | Found Woulab's Book Shop.
   201 | D:1      | Noticed a golden eye
   279 | D:1      | Noticed a shining eye
   281 | D:1      | Found a faded altar of an unknown god.
   290 | D:1      | Noticed a great orb of eyes
   290 | D:1      | Noticed a floating eye
   347 | D:1      | Reached skill level 5 in Ranged Weapons
   634 | D:2      | Noticed Jessica
   646 | D:2      | Reached XP level 3. HP: 25/31 MP: 2/2
   647 | D:2      | Killed Jessica
   856 | D:2      | Reached XP level 4. HP: 38/38 MP: 3/3
   915 | D:2      | Noticed Robin
   925 | D:2      | Killed Robin
  1000 | D:2      | Reached skill level 6 in Ranged Weapons
  1649 | D:3      | Noticed Ijyb
  1660 | D:3      | HP: 1/40 [constriction (3)]
  1665 | D:3      | Constricted to death by Ijyb

Illustrated notes

Levels and vault maps discovered:
D:1:      ncdulo_lavacross, layout_basic, serial_shops, shop,
          hellmonk_ecumenical_altar_watching_god
D:2:      layout_loops_corners, chequers_big_river, minmay_3d_cube,
          uniq_jessica, uniq_robin
D:3:      layout_rooms, uniq_grinder, uniq_terence, uniq_ijyb

Skill      XL: |  1  2  3  4 |
---------------+-------------+-----
Ranged Weapons | 5 6 |  6.1
Fighting       | 3 |  3.9
Armour         | |  0.4
Dodging        | |  2.1
Stealth        | |  0.7

Action                     |  1- 3 |  4- 6 || total
---------------------------+-------+-------++-------
  Melee: Unarmed           |       |     2 ||     2
   Fire: Shortbow          |    71 |    70 ||   141
    Use: Potion            |       |     2 ||     2
 Armour: Scale mail        |    19 |    11 ||    30
  Dodge: Dodged            |    23 |    22 ||    45
